 Dungeon Crawl Stone Soup version 0.30-a0-424-g7412bad402 (webtiles) character file.

Game seed: 6968348531371911831

76 AigisTheKnight the Firebug (level 4, -3/33 HPs)
             Began as a Draconian Fire Elementalist on Dec 10, 2022.
             Killed from afar by an orc wizard (10 damage)
             ... with a magic dart
             ... on level 3 of the Dungeon.
             The game lasted 00:03:02 (2099 turns).

AigisTheKnight the Firebug (DrFE)                   Turns: 2099, Time: 00:03:03

Health: -3/33      AC:  7    Str: 15    XL:     4   Next: 12%
Magic:  1/8        EV: 12    Int: 17    God:
Gold:   131        SH:  0    Dex: 11    Spells: 7/8 levels left

rFire   + . .      SeeInvis +    j - +5 mace "Gashrer" {freeze, rF+ Str+4 SInv}
rCold   . . .      Faith    .    (no shield)
rNeg    . . .      Spirit   .    (body armour unavailable)
rPois   .          Reflect  .    e - +2 hat
rElec   .          Harm     .    (no cloak)
rCorr   .          Rampage  .    (no gloves)
Will    .....                    (no boots)
Stlth   +.........               (no amulet)
HPRegen 0.25/turn                (no ring)
MPRegen 0.11/turn                (no ring)

@: confused
A: AC +5, unfitting armour, cold-blooded
a: no special abilities


You were on level 3 of the Dungeon.
You visited 1 branch of the dungeon, and saw 3 of its levels.

You collected 131 gold pieces.

Inventory:

Hand Weapons
 c - a +0 spear
 j - the +5 mace "Gashrer" (weapon) {freeze, rF+ Str+4 SInv}
   (You found it on level 2 of the Dungeon)

   It freezes those it strikes, dealing additional cold damage.
   It can also slow down cold-blooded creatures.
   Str:       It affects your strength (+4).
   rF:        It protects you from fire.
   SInv:      It lets you see invisible.
Armour
 e - a +2 hat (worn)
Scrolls
 b - a scroll of amnesia {unknown}
 h - a scroll of enchant weapon {unknown}
 i - 2 scrolls of fear {unknown}
 k - a scroll of identify {unknown}
 l - a scroll of blinking {unknown}
Potions
 a - 2 potions of magic
 d - a potion of curing {unknown}
 f - a potion of flight {unknown}
 g - a potion of attraction {unknown}


   Skills:
 + Level 0.3 Maces & Flails
 + Level 2.4 Dodging
 - Level 1.7 Stealth
 + Level 2.7 Spellcasting
 + Level 2.0 Conjurations
 + Level 3.5 Fire Magic


You had 7 spell levels left.
You knew the following spells:

 Your Spells              Type           Power      Damage    Failure   Level
a - Foxfire               Conj/Fire      44%        2x1d6     6%          1

Your spell library contained the following spells:

 Spells                   Type           Power      Damage    Failure   Level
 Scorch                   Fire           28%        2d6       6%          2
 Inner Flame              Hex/Fire       8%         N/A       26%         3
 Kindle Blastsparks       Fire/Tloc/Air  12%        2d11      32%         3
 Flame Wave               Conj/Fire      11%        2d6       50%         4
 Borgnjor's Revivificati  Necr           1%         N/A       100%        8
 Necromutation            Tmut/Necr      1%         N/A       100%        8
 Death's Door             Necr           1%         N/A       100%        9


Dungeon Overview and Level Annotations

Branches:
Dungeon (3/15)

Altars:

Shops:
D:3 [


Innate Abilities, Weirdness & Mutations

Your plain brown scales are hard. (AC +5)
You cannot fit into any form of body armour.
You are cold-blooded and may be slowed by cold attacks.


Message History

The foxfire hits the orc wizard.
The orc wizard is moderately wounded.
The foxfire hits the orc wizard.
The orc wizard is moderately wounded.
The foxfire hits the orc wizard.
The orc wizard is severely wounded.
Your foxfire dissipates!
The orc wizard casts a spell.
The orc wizard flickers and vanishes for a moment.
Casting: Foxfire (safe; 6% risk of failure)
Confirm with . or Enter, or press ? or * to list all spells.
You don't have enough magic to cast this spell.
Unknown command.
The orc attacks as you move away! The orc completely misses you.
The orc attacks as you move away! The orc hits you with a +0 hand axe.
* * * LOW HITPOINT WARNING * * *
You closely miss the orc. The orc hits you but does no damage.
The orc attacks as you move away! The orc closely misses you.
You closely miss the orc.
Your tail-slap misses the orc.
The orc closely misses you.
Unknown command.
You barely miss the orc. You tail-slap the orc.
The orc is lightly wounded.
The orc misses you.
Unknown command.
You barely miss the orc.
You tail-slap the orc, but do no damage.
The orc is lightly wounded.
The orc priest calls upon Beogh to heal the orc.
The orc's wounds heal themselves!
Unknown command.
You closely miss the orc wizard.
The orc wizard is severely wounded.
The orc wizard casts a spell at you.
You are confused.
Unknown command.
You bump into the rock wall.
The orc wizard points at you and mumbles some strange words.
The magic dart hits you!
You die...

..# #.#.# .... #.#.#
#.....####.#.#
...§.o.).#.#.#
.....###.#.#.#
......o......#
∩........#.#.#
..#########o#.#
.........@oo#.#
#...†...####.#
#..####.# .# . #.# .#
############ #.# .#
...........####.####.#
.....##...)..........#
.....##.##)####.######
.....##.##)# #.#


You could see an orc priest, an orc wizard (invisible) and an orc.

Vanquished Creatures
  An adder (D:2)
  A gnoll (D:1)
  2 worms (D:2)
  6 orcs (D:3)
  5 ball pythons
  2 endoplasms (D:1)
  4 goblins
  6 jackals
  2 kobolds (D:1)
  A quokka (D:2)
  4 bats
  2 frilled lizards (D:1)
  7 rats
43 creatures vanquished.

Vanquished Creatures (others)
  103 foxfires
103 creatures vanquished.

Grand Total: 146 creatures vanquished

Notes
Turn   | Place    | Note
-------+----------+-------------------------------------------
     0 | D:1      | AigisTheKnight the Draconian Fire Elementalist began the
                  | quest for the Orb.
     0 | D:1      | Reached XP level 1. HP: 14/14 MP: 3/3
   426 | D:1      | Reached XP level 2. HP: 6/20 MP: 0/5
   932 | D:1      | Reached XP level 3. HP: 26/26 MP: 2/6
  1465 | D:2      | Found a faded altar of an unknown god.
  1521 | D:2      | Identified the +5 mace "Gashrer" {freeze, rF+ Str+4 SInv}
  1971 | D:3      | Reached XP level 4. HP: 24/33 MP: 0/8
  2085 | D:3      | Found Evot's Antique Armour Emporium.
  2099 | D:3      | Killed from afar by an orc wizard

Illustrated notes

Levels and vault maps discovered:
D:1:      lemuel_arrival_lava_pool, layout_loops_corners, grunt_decor_one_mirror
D:2:      layout_rooms, nicolae_ecumenical_lake_church
D:3:      layout_basic, overflow_temple_1_default, serial_shops, shop,
          uniq_robin

Skill      XL: |  1  2  3 |
---------------+----------+-----
Dodging        | 2 |  2.4
Conjurations   | 2 |  2.0
Maces & Flails | |  0.3
Stealth        | |  1.7
Spellcasting   | |  2.7
Fire Magic     | |  3.5

Action                   |  1- 3 |  4- 6 || total
-------------------------+-------+-------++-------
Melee: Unarmed           |     3 |       ||     3
       Tailslap          |     5 |     2 ||     7
       Spear             |    63 |       ||    63
       Mace              |    10 |     8 ||    18
       Punch             |     1 |       ||     1
 Cast: Foxfire           |    59 |    11 ||    70
 Stab: Sleeping          |     2 |       ||     2
Armor: Skin              |    33 |     2 ||    35
Dodge: Dodged            |    56 |     5 ||    61

Table legend: (Time is in decaauts)
 A = Elapsed time spent in this place.
 B = Non-inter-level travel time spent in this place.
 C = Inter-level travel time spent in this place.
 D = Time resting spent in this place.
 E = Time spent auto-exploring this place.
 F = Levels seen in this place.
 G = Mean time per level.
                   A        B        C        D        E       F      G
               +--------+--------+--------+--------+--------+-----+--------+
         Total |   2113 |   2052 |     61 |      0 |   1730 |   3 |  704.3 |
       Dungeon |   2113 |   2052 |     61 |      0 |   1730 |   3 |  704.3 |
               +--------+--------+--------+--------+--------+-----+--------+

Top non-repeatable levels by time:
     D:1: 1213 daAuts
     D:2: 680 daAuts
     D:3: 219 daAuts
